 Dungeon Crawl Stone Soup version 0.28.0-47-ge53b351184 (webtiles) character file.

Game seed: 6032639724428326384

1270 nickcage the Zephyrmancer (level 8, -3/41 HPs)
             Began as a Deep Elf Air Elementalist on May 9, 2022.
             Slain by Duvessa
             ... wielding a +0 short sword
              (6 damage)
             ... on level 6 of the Dungeon on May 10, 2022.
             The game lasted 00:17:04 (7401 turns).

nickcage the Zephyrmancer (DEAE)                    Turns: 7401, Time: 00:17:04

Health: -3/41      AC:  3    Str:  5    XL:     8   Next: 28%
Magic:  6/18       EV: 12    Int: 23    God:
Gold:   279        SH:  0    Dex: 15    Spells: 6/18 levels left

rFire   . . .      SeeInvis .   w - +4 spear (pain)
rCold   . . .      Faith    .   (no shield)
rNeg    . . .      Spirit   .   a - +0 robe
rPois   .          Reflect  .   (no helmet)
rElec   .          Harm     .   t - +0 cloak
rCorr   .          Rampage  .   (no gloves)
Will    .....                   (no boots)
Stlth   +.........              (no amulet)
HPRegen 0.13/turn               k - ring of flight
MPRegen 0.16/turn               (no ring)

@: lit by a corona, flying, glowing
A: no striking features
a: no special abilities


You were on level 6 of the Dungeon.
You visited 2 branches of the dungeon, and saw 7 of its levels.

You collected 279 gold pieces.

Inventory:

Hand Weapons
 e - a +0 dagger
 j - a +1 short sword of speed
 w - a +4 spear of pain (weapon)
Armour
 a - a +0 robe (worn)
 o - the +0 robe "Hounuho" {rPois rF- SInv}
   (You found it on level 3 of the Dungeon)

   rF:        It makes you vulnerable to fire.
   rPois:     It protects you from poison.
   SInv:      It lets you see invisible.
 t - a +0 cloak (worn)
Jewellery
 k - a ring of flight (left hand)
 q - a ring of ice
Wands
 v - a wand of paralysis (12)
Scrolls
 b - a scroll of immolation {unknown}
 c - a scroll of holy word {unknown}
 f - 3 scrolls of identify {unknown}
 g - a scroll of noise {unknown}
 h - 7 scrolls of teleportation {unknown}
 m - 4 scrolls of enchant armour {unknown}
 s - a scroll of enchant weapon {unknown}
 x - a scroll of magic mapping {unknown}
Potions
 d - a potion of degeneration {unknown}
 i - a potion of ambrosia {unknown}
 l - 4 potions of heal wounds {unknown}
 n - a potion of mutation {unknown}
 p - 4 potions of flight {unknown}
 r - a potion of lignification {unknown}
 u - a potion of might {unknown}
 z - 2 potions of haste {unknown}
 A - a potion of curing {unknown}


   Skills:
 - Level 2.4 Dodging
 - Level 2.4 Stealth
 + Level 5.5 Spellcasting
 - Level 5.0 Conjurations
 * Level 8.5 Air Magic
 - Level 2.0 Poison Magic


You had 6 spell levels left.
You knew the following spells:

 Your Spells              Type           Power      Damage    Failure   Level
a - Shock                 Conj/Air       100%       1d9       1%          1
b - Static Discharge      Conj/Air       37%        N/A       1%          2
c - Swiftness             Air            45%        N/A       1%          3
d - Airstrike             Air            22%        N/A       2%          4
e - Poisonous Vapours     Pois/Air       60%        N/A       1%          2

Your spell library contained the following spells:

 Spells                   Type           Power      Damage    Failure   Level
 Sting                    Tmut/Pois      44%        1d5       6%          1
 Slow                     Hex            24%        N/A       9%          1
 Blink                    Tloc           12%        N/A       14%         2
 Ensorcelled Hibernation  Hex/Ice        12%        N/A       14%         2
 Passwall                 Tmut/Erth      5%         N/A       14%         2
 Confusing Touch          Hex            6%         N/A       26%         3
 Frozen Ramparts          Ice            12%        1d3       26%         3
 Lesser Beckoning         Tloc           6%         N/A       26%         3
 Vampiric Draining        Necr           6%         2d6       26%         3
 Olgreb's Toxic Radiance  Pois           15%        N/A       36%         4
 Ice Form                 Ice/Tmut       6%         N/A       65%         4
 Summon Ice Beast         Ice/Summ       6%         N/A       65%         4
 Manifold Assault         Tloc           6%         N/A       94%         5


Dungeon Overview and Level Annotations

Branches:
Dungeon (6/15)             Temple (1/1) D:5

Altars:
Ashenzari
Cheibriados
Dithmenos
Fedhas
Gozag
Hepliaklqana
Kikubaaqudgha
Qazlal
Sif Muna
Uskayaw
Wu Jian
Xom
The Shining One

Shops:
D:5 :

Annotations:
D:6 Duvessa


Message History

Dowan is almost dead.
The zap hits Duvessa.
Duvessa is lightly wounded.
Dowan hits you with a +0 dagger.
The zap hits Dowan!
You kill Dowan!
Duvessa screams, "No!
How DARE you!"
Duvessa goes berserk!
The zap hits Duvessa!
Duvessa is moderately wounded.
Casting: Shock (safe; 1% risk of failure)
Confirm with . or Enter, or press ? or * to list all spells.
Aiming: Poisonous Vapours (safe; 1% risk of failure)
Press: ? - help, Dir - move target, f - Duvessa
Aim: Duvessa, wielding a +0 short sword and wearing a +0 ring mail (moderately wounded, berserk) Poisonous vapours surround Duvessa!
Duvessa is poisoned.
Duvessa completely misses you.
The zap hits Duvessa.
Duvessa is moderately wounded.
Duvessa hits you with a +0 short sword.
The zap hits Duvessa.
Duvessa is heavily wounded.
Duvessa hits you with a +0 short sword.
Duvessa hits you with a +0 short sword!!
* * * LOW HITPOINT WARNING * * *
You are too injured to fight recklessly!
You are too injured to fight recklessly!
Casting: Static Discharge (safe; 1% risk of failure)
Press: ? - help, Q - select action, (/) - cycle Dir - look around, f - activate Duvessa is struck by an arc of lightning!
Duvessa is severely wounded.
You are struck by an arc of lightning.
* * * LOW HITPOINT WARNING * * *
Duvessa is struck by an arc of lightning.
Duvessa is severely wounded.
The lightning grounds out.
Duvessa hits you with a +0 short sword.
* * * LOW HITPOINT WARNING * * *
Duvessa rages.
Duvessa hits you with a +0 short sword.
You die...

.(.....# #...........#.##.####.
.......# ##.......#.....# #.
.......# #...(....#..<..# #.
.......# #.########.....# ###
.......## #.# #####.... #..
........# #.###################.#
........# #.....................#
........#########################
#######.##...†..@e)......
#)##.#############. #)##.#
#)##'###### #.).......#
#.........# ##........#
#........# ##########


You could see Duvessa (berserk, very poisoned).

Vanquished Creatures
  A black bear (D:6)
  2 necrophages
  An ogre (D:5)
  A centaur (D:5)
  A gnoll sergeant (D:5)
  3 scorpions (D:5)
  Dowan (D:6)
  2 centaur zombies
  2 bullfrog zombies (D:5)
  A hound (D:4)
  An orc priest (D:6)
  Crazy Yiuf (D:5)
  An iguana (D:5)
  4 orc wizards
  3 adders
  6 gnolls
  A shadow imp (D:6)
  A white imp (D:5)
  A worm (D:2)
  2 dart slugs
  9 orcs
  7 ball pythons
  9 endoplasms
  2 giant cockroaches (D:1)
  5 goblins
  10 hobgoblins
  4 jackals (D:3)
  7 kobolds
  4 quokkas
  7 bats
  4 frilled lizards
  5 rats
109 creatures vanquished.

Notes
Turn   | Place    | Note
-------+----------+-------------------------------------------
     0 | D:1      | nickcage the Deep Elf Air Elementalist began the quest for
                  | the Orb.
     0 | D:1      | Reached XP level 1. HP: 10/10 MP: 6/6
   195 | D:1      | Reached XP level 2. HP: 5/15 MP: 0/8
   383 | D:1      | Learned a level 2 spell: Static Discharge
   906 | D:1      | You fall into a shaft and drop 1 floor!
   969 | D:2      | Reached skill level 4 in Air Magic
   981 | D:2      | Reached XP level 3. HP: 19/19 MP: 5/9
  2783 | D:2      | Learned a level 3 spell: Swiftness
  3009 | D:3      | Reached XP level 4. HP: 24/24 MP: 9/12
  3289 | D:3      | Found a shimmering altar of Xom.
  3290 | D:3      | Found a shimmering blue altar of Sif Muna.
  3461 | D:3      | Reached skill level 5 in Air Magic
  3461 | D:3      | Reached XP level 5. HP: 28/28 MP: 4/13
  3686 | D:3      | Identified the +0 robe "Hounuho" {rPois rF- SInv}
  3705 | D:3      | Found a broken altar of Ashenzari.
  4124 | D:3      | Learned a level 4 spell: Airstrike
  4137 | D:4      | Noticed a necrophage
  4146 | D:4      | Killed a necrophage
  4147 | D:4      | Reached skill level 5 in Spellcasting
  4294 | D:4      | Reached XP level 6. HP: 32/32 MP: 7/15
  4731 | D:5      | Entered Level 5 of the Dungeon
  4731 | D:5      | Found a staircase to the Ecumenical Temple.
  4740 | D:5      | Reached skill level 6 in Air Magic
  4744 | Temple   | Entered the Ecumenical Temple
  5215 | D:5      | Found a runed translucent door.
  5216 | D:5      | Noticed Crazy Yiuf
  5221 | D:5      | Killed Crazy Yiuf
  5430 | D:5      | Found a glowing golden altar of the Shining One.
  5611 | D:5      | Reached XP level 7. HP: 36/36 MP: 11/16
  5614 | D:5      | Learned a level 2 spell: Poisonous Vapours
  5653 | D:5      | Reached skill level 7 in Air Magic
  6018 | D:5      | Reached skill level 1 in Poison Magic
  6737 | D:5      | Found Menoenuer's Book Shoppe.
  6805 | D:6      | Noticed a gargoyle
  7008 | D:6      | Reached skill level 8 in Air Magic
  7008 | D:6      | Reached XP level 8. HP: 41/41 MP: 11/17
  7261 | D:6      | Reached skill level 5 in Conjurations
  7389 | D:6      | Noticed Dowan
  7391 | D:6      | Noticed Duvessa
  7396 | D:6      | Killed Dowan
  7401 | D:6      | Slain by Duvessa

Illustrated notes

Levels and vault maps discovered:
D:1:      minmay_arrival_stone_box, layout_basic, hangedman_decor_growths
D:2:      layout_basic
D:3:      layout_loops_ring, ashenzari_conservatory_becter,
          nicolae_overflow_squiral, st_stairs_1
D:4:      layout_cave_pools, hangedman_abyss_or_decor_stagger
D:5:      layout_basic, nicolae_tso_swordbearing_angel,
          minmay_temple_entry_stoned_glass, serial_shops,
          nicolae_shop_behind_doors, uniq_crazy_yiuf_cottage
D:6:      layout_basic, trog_hazing_becter, minmay_microvault, uniq_duvessa
Temple:   compressed_dpeg_triangle_lava_temple

Skill      XL: |  1  2  3  4  5  6  7  8 |
---------------+-------------------------+-----
Air Magic      | 4 5 6 8 |  8.5
Spellcasting   | 4 5 |  5.5
Conjurations   | 3 4 5 |  5.0
Poison Magic   | 1 2 |  2.0
Dodging        | |  2.4
Stealth        | |  2.4

Action                   |  1- 3 |  4- 6 |  7- 9 || total
-------------------------+-------+-------+-------++-------
Melee: Unarmed           |    12 |       |       ||    12
       Short sword       |       |     7 |       ||     7
 Cast: Shock             |   109 |    87 |    85 ||   281
       Static Discharge  |       |     8 |     6 ||    14
       Poisonous Vapours |       |       |     2 ||     2
Armor: Robe              |     5 |     4 |     3 ||    12
Dodge: Dodged            |    16 |     9 |    10 ||    35
